 Dungeon Crawl Stone Soup version 0.29-a0-284-gf9362112df (webtiles) character file.

Game seed: 15868689459074940700

24 Hubjo the Sneak (level 2, -1/21 HPs)
             Began as a Demonspawn Enchanter on Mar 23, 2022.
             Slain by a jackal (3 damage)
             ... on level 1 of the Dungeon.
             The game lasted 00:02:02 (1598 turns).

Hubjo the Sneak (Demonspawn Enchanter)              Turns: 1598, Time: 00:02:03

Health: -1/21      AC:  2    Str:  8    XL:     2   Next: 79%
Magic:  5/5        EV: 12    Int: 16    God:
Gold:   55         SH:  0    Dex: 13    Spells: 5/5 levels left

rFire   . . .      SeeInvis .   m - +4 short sword (venom)
rCold   . . .      Faith    +   (no shield)
rNeg    . . .      Spirit   .   b - +0 robe
rPois   .          Reflect  .   (no helmet)
rElec   .          Harm     .   (no cloak)
rCorr   .          Rampage  .   (no gloves)
Will    .....                   (no boots)
Stlth   ++........              d - amulet of faith
HPRegen 0.07/turn               (no ring)
MPRegen 0.09/turn               (no ring)

@: no status effects
A: weakness stinger 1
a: no special abilities


You were on level 1 of the Dungeon.
You visited 1 branch of the dungeon, and saw 1 of its levels.

You collected 55 gold pieces.

Inventory:

Hand Weapons
 a - a +1 dagger
 m - a +4 short sword of venom (weapon)
Armour
 b - a +0 robe (worn)
Jewellery
 d - an amulet of faith (around neck)
 k - a ring of flight
 l - a +4 ring of evasion
Scrolls
 i - a scroll of fear {unknown}
Potions
 c - 2 potions of invisibility
 e - a potion of haste {unknown}
 f - 3 potions of berserk rage {unknown}
 g - a potion of ambrosia {unknown}
 h - a potion of brilliance {unknown}
 j - 2 potions of cancellation {unknown}


   Skills:
 * Level 1.4 Fighting
 - Level 0.8 Short Blades
 - Level 1.7 Dodging
 * Level 3.2 Stealth
 + Level 2.2 Spellcasting
 - Level 3.0 Hexes


You had 5 spell levels left.
You didn't know any spells.
Your spell library contained the following spells:

 Spells                   Type           Power      Damage    Failure   Level
 Ensorcelled Hibernation  Hex/Ice        12%        N/A       17%         2
 Confusing Touch          Hex            11%        N/A       19%         3
 Tukima's Dance           Hex            11%        N/A       19%         3
 Dazzling Flash           Conj/Hex       12%        N/A       32%         3


Dungeon Overview and Level Annotations

Branches:
Dungeon (1/15)

Altars:


Innate Abilities, Weirdness & Mutations

You have a small tail.


Message History

No target in view!
No target in view!
No target in view!
Found a faded altar of an unknown god.
There is a stone staircase leading down here.
There is an open door here.
No reachable target in view!
No reachable target in view!
No reachable target in view!
You open the door.
The endoplasm quivers.
The jackal barks!
The rat closely misses you.
The rat twitches its whiskers.
The rat attacks as you move away! The rat bites you but does no damage.
The rat closely misses you. The rat attacks as you move away!
The rat barely misses you.
There is an open door here.
The rat attacks as you move away! The rat closely misses you.
The rat attacks as you move away! The rat closely misses you.
The rat attacks as you move away! The rat bites you but does no damage.
The rat attacks as you move away! The rat closely misses you.
You hit the rat.
You kill the rat!
The rat barely misses you.
You barely miss the rat. The rat closely misses you.
You hit the rat but do no damage. You tail-slap the rat.
You kill the rat!
You completely miss the jelly. The jelly hits you but does no damage.
You puncture the jelly!
Your hands burn!
The jelly is heavily wounded.
The jelly closely misses you.
You puncture the jelly!
Your hands burn!
The jelly is almost dead.
The jelly hits you.
You are splashed with acid!
* * * LOW HITPOINT WARNING * * *
You puncture the jelly!
You kill the jelly!
The jackal bites you.
You die...

#..#.........B...#.....#....
#..# ....Bwr.... #..#####'##
##.#######'#######..# #....#
#.#.............#..# #.....
#.+⌠....###h...⌠'..# #.....
#.#......<.B....#..###.....
#.#..⌠...>...⌠..#...##.....
#.###+#######r###.#.###..#.
#.........@hBB....#..##..#.
###########.######......#....
#......#.........+......+....
#.####.#.#########......##.##
#.# #.#.# #......#)...
####.####.#.# ######†#....
#.........#.# #......
#.##.######.# ##.....
#.#.......#.# #...##


You could see a jackal, 2 giant cockroaches and a rat.

Vanquished Creatures
  A jelly (D:1)
  A dart slug (D:1)
  A ball python (D:1)
  2 bats (D:1)
  2 endoplasms (D:1)
  2 goblins (D:1)
  2 hobgoblins (D:1)
  5 quokkas (D:1)
  3 rats (D:1)
19 creatures vanquished.

Notes
Turn   | Place    | Note
-------+----------+-------------------------------------------
     0 | D:1      | Hubjo the Demonspawn Enchanter began the quest for the Orb.
     0 | D:1      | Reached XP level 1. HP: 13/13 MP: 3/3
     1 | D:1      | Found a runed translucent door.
   292 | D:1      | Discovered your monstrous ancestry.
   292 | D:1      | Gained mutation: You have a small tail. [demonic ancestry]
   292 | D:1      | Reached XP level 2. HP: 20/20 MP: 5/5
   313 | D:1      | Reached skill level 1 in Fighting
  1528 | D:1      | Found a faded altar of an unknown god.
  1598 | D:1      | Slain by a jackal

Illustrated notes

Levels and vault maps discovered:
D:1:      dpeg_arrival_caged_fury, layout_basic,
          hellmonk_ecumenical_altar_leap_of_faith, hangedman_decor_push,
          hangedman_feature_mirror

Skill      XL: |  1  2 |
---------------+-------+-----
Stealth        | 3 |  3.2
Fighting       | 1 |  1.4
Short Blades   | |  0.8
Dodging        | |  1.7
Spellcasting   | |  2.2
Hexes          | |  3.0

Action                   || total
-------------------------++-------
Melee: Dagger            ||    48
       Short sword       ||    11
       Tailslap          ||     3
       Punch             ||     1
 Stab: Sleeping          ||     6
Armor: Robe              ||     8
Dodge: Dodged            ||    47

Table legend: (Time is in decaauts)
 A = Elapsed time spent in this place.
 B = Non-inter-level travel time spent in this place.
 C = Inter-level travel time spent in this place.
 D = Time resting spent in this place.
 E = Time spent auto-exploring this place.
 F = Levels seen in this place.
 G = Mean time per level.
                   A        B        C        D        E       F      G
               +--------+--------+--------+--------+--------+-----+--------+
         Total |   1596 |   1488 |    108 |      0 |   1253 |   1 | 1596.0 |
       Dungeon |   1596 |   1488 |    108 |      0 |   1253 |   1 | 1596.0 |
               +--------+--------+--------+--------+--------+-----+--------+

Top non-repeatable levels by time:
     D:1: 1596 daAuts
